 Dungeon Crawl Stone Soup version 0.22-a0-283-g1871b15 (webtiles) character file.

59 Amnesiac the Magician (level 3, -2/21 HPs)
             Began as a Deep Elf Wizard on Mar 19, 2018.
             Killed from afar by a white imp (12 damage)
             ... with a puff of frost
             ... summoned by Natasha
             ... on level 2 of the Dungeon.
             The game lasted 00:01:22 (1234 turns).

Amnesiac the Magician (Deep Elf Wizard)             Turns: 1234, Time: 00:01:23

Health: -2/21      AC:  4    Str:  4    XL:     3   Next: 78%
Magic:  2/11       EV: 13    Int: 23    God:
Gold:   111        SH:  0    Dex: 13    Spells: 0/11 levels left

rFire    . . .     SeeInvis .   (no weapon)
rCold    . . .     Gourm    .   (no shield)
rNeg     . . .     Faith    .   a - +0 robe
rPois    .         Spirit   .   i - +2 hat
rElec    .         Reflect  .   (no cloak)
rCorr    .         Harm     .   (no gloves)
MR       .....                  (no boots)
Stlth    ++........             (no amulet)
HPRegen  0.07/turn              (no ring)
MPRegen  0.12/turn              (no ring)

@: no status effects
A: no striking features
a: no special abilities


You were on level 2 of the Dungeon.
You were hungry.

You visited 1 branch of the dungeon, and saw 2 of its levels.

You collected 111 gold pieces.

Inventory:

Armour
 a - a +0 robe (worn)
 i - a +2 hat (worn)
Potions
 e - a potion of curing {!q}
 h - 2 potions of cancellation {!q}
Comestibles
 d - a ration


   Skills:
 * Level 2.2 Fighting
 - Level 2.4 Dodging
 - Level 2.4 Stealth
 - Level 4.5 Spellcasting
 + Level 2.4 Conjurations
 - Level 1.1 Summonings
 - Level 1.1 Translocations


You couldn't memorise any spells.
You knew the following spells:

 Your Spells              Type           Power        Failure   Level  Hunger
a - Magic Dart            Conj           ###.         3%          1    None
b - Call Imp              Summ           ##......     10%         2    None
e - Mephitic Cloud        Conj/Pois/Air  #.......     22%         3    ##.....
s - Conjure Flame         Conj/Fire      ##......     19%         3    ##.....
v - Blink                 Tloc           N/A          10%         2    None


Dungeon Overview and Level Annotations

Branches:
Dungeon (2/15)

Altars:

Annotations:
D:2 Natasha


Message History

Natasha mumbles some strange words.
Casting: Magic Dart (safe; 3% risk of failure)
Confirm with . or Enter, or press ? or * to list all spells.
Aiming: Magic Dart (safe; 3% risk of failure)
Press: ? - help, Shift-Dir - straight line, f/p - Natasha
Aim: Natasha (almost dead)
The magic dart hits Natasha.
Natasha is almost dead.
Natasha casts a spell.
The crimson imp blinks!
Casting: Magic Dart (safe; 3% risk of failure)
Confirm with . or Enter, or press ? or * to list all spells.
Aiming: Magic Dart (safe; 3% risk of failure)
Press: ? - help, Shift-Dir - straight line, f/p - Natasha
Aim: Natasha (almost dead)
The magic dart hits the white imp.
The crimson imp hits you. The white imp barely misses you.
Casting: Magic Dart (safe; 3% risk of failure)
Confirm with . or Enter, or press ? or * to list all spells.
Aiming: Magic Dart (safe; 3% risk of failure)
Press: ? - help, Shift-Dir - straight line, f/p - Natasha
Aim: Natasha (almost dead)
The magic dart hits the white imp.
The white imp is heavily wounded.
The crimson imp blinks!
The white imp hits you but does no damage.
Casting: Magic Dart (safe; 3% risk of failure)
Confirm with . or Enter, or press ? or * to list all spells.
You don't have enough magic to cast that spell.
Natasha mumbles some strange words.
You closely miss the crimson imp. The crimson imp hits you.
The crimson imp barely misses you.
You aren't carrying any scrolls.
Unknown command.
Really quaff
e - 3 glowing silvery potions {!q}?
It was a potion of curing {!q}.
You feel better. The crimson imp hits you.
The crimson imp blinks!
You barely miss the crimson imp.
The crimson imp blinks!
The crimson imp blinks!
The white imp spits at you.
The crimson imp blinks!
You barely miss the crimson imp.
The crimson imp hits you but does no damage.
The white imp gestures at you. The puff of frost hits you!
The crimson imp closely misses you. The white imp closely misses you.
Really quaff
h - 3 golden potions {!q}?
It was a potion of cancellation {!q}.
You feel magically purged.
Your magical contamination has completely faded away.
The crimson imp misses you.
The white imp hits you but does no damage.
The crimson imp hits you. The white imp hits you. The white imp freezes you.
* * * LOW HITPOINT WARNING * * *
Really quaff
e - 2 potions of curing {!q}?
You feel better.
The crimson imp disappears in a puff of smoke!
The white imp gestures at you. The puff of frost hits you!
* * * LOW HITPOINT WARNING * * *
Natasha casts a spell.
The white imp gestures at you. The puff of frost hits you!
Ouch! That really hurt!
You die...

#.#
#.########
#.# #.# #.#
#.# #.# #.#
#># #.# #.#
#.. #.# ###
#.# #@#
#.#########.
#.5h.5...ยง..
###########.


You could see a white imp.

Vanquished Creatures
  Natasha (twice) (D:2)
  A leopard gecko (D:1)
  2 giant cockroaches
  2 goblins (D:1)
  A hobgoblin (D:2)
  3 kobolds (D:1)
  2 bats (D:1)
13 creatures vanquished.

Notes
Turn   | Place    | Note
-------+----------+-------------------------------------------
     0 | D:1      | Amnesiac the Deep Elf Wizard began the quest for the Orb.
     0 | D:1      | Reached XP level 1. HP: 10/10 MP: 7/7
   209 | D:1      | Reached skill level 1 in Fighting
   209 | D:1      | Reached XP level 2. HP: 14/16 MP: 1/9
   944 | D:2      | Noticed Natasha
   950 | D:2      | Killed Natasha
   950 | D:2      | Reached XP level 3. HP: 10/21 MP: 3/11
   960 | D:2      | Learned a level 2 spell: Blink
   963 | D:2      | Learned a level 2 spell: Call Imp
   967 | D:2      | Learned a level 3 spell: Conjure Flame
   971 | D:2      | Learned a level 3 spell: Mephitic Cloud
  1051 | D:2      | Noticed Natasha
  1056 | D:2      | Killed Natasha
  1214 | D:2      | Noticed Natasha
  1234 | D:2      | Killed from afar by a white imp

Vault maps used:
D:1:      mainiacjoe_arrival_reflecting_pool, grunt_decor_mini_mirrors
D:2:      grunt_temple_overflow_open, lemuel_doored_altar, uniq_natasha

Skill      XL: |  1  2  3 |
---------------+----------+-----
Fighting       | 1 2 |  2.2
Conjurations   | 2 |  2.4
Dodging        | |  2.4
Stealth        | |  2.4
Spellcasting   | |  4.5
Summonings     | |  1.1
Translocations | |  1.1

Action                   || total
-------------------------++-------
Melee: Unarmed           ||     3
 Cast: Magic Dart        ||    45
  Use: Scroll            ||     5
       Potion            ||     3
Armor: Robe              ||     4
Dodge: Dodged            ||    10

Table legend:
 A = Spawn XP
 B = Non-spawn XP
 C = Spawn XP percentage of total XP
 D = Spawn monster count
 E = Non-spawn monster count
 F = Spawn count percentage of total count
 G = Total turns spent on level
                    A         B        C        D         E        F      G
               +---------+---------+-------+---------+---------+-------+---------
         Total |       0 |      85 |   0.0 |       0 |      13 |   0.0 |  1234
               +---------+---------+-------+---------+---------+-------+---------
           D:1 |       0 |      15 |   0.0 |       0 |       9 |   0.0 |   938
           D:2 |       0 |      70 |   0.0 |       0 |       4 |   0.0 |   296
               +---------+---------+-------+---------+---------+-------+---------
